 Dungeon Crawl Stone Soup version 0.17-a0-1718-g72dbe4d (webtiles) character file.

6024 KambridgeKobold the Protected (level 10, -10/74 HPs)
             Began as a Demonspawn Berserker on Aug 25, 2015.
             Was an Elder of Trog.
             Killed from afar by a gargoyle (19 damage)
             ... with a stone arrow
             ... on level 10 of the Dungeon.
             The game lasted 00:50:51 (8370 turns).

KambridgeKobold the Protected (DsBe)                Turns: 8370, Time: 00:50:51

Health: -10/74     AC: 19    Str: 20    XL:     10   Next: 56%
Magic:  15/15      EV:  8    Int:  8    God:    Trog [****..]
Gold:   542        SH:  0    Dex: 16    Spells: 0 memorised, 9 levels left

rFire  . . .     SeeInvis .     a - +3 flail (crush)
rCold  . . .     Clarity  .     n - +0 plate armour
rNeg   . . .     SustAt   .     (no shield)
rPois  .         Gourm    .     E - +0 helmet
rElec  .         Spirit   .     (no cloak)
rCorr  +         Warding  .     (no gloves)
rMut   .         Stasis   .     R - +0 pair of boots of Foagijem {MR+ rCorr Dex+2}
MR     +++..                    (no amulet)
Stlth  ..........               (no ring)
                                (no ring)

@: very slightly contaminated, regenerating, hasted, very quick, extremely
resistant to hostile enchantments, extremely unstealthy
A: slimy green scales 1, nightstalker 2, spiny 3
a: Burn Spellbooks, Berserk, Trog's Hand, Brothers in Arms, Renounce Religion


You were on level 10 of the Dungeon.
You worshipped Trog.
Trog was greatly pleased with you.
You were hungry.

You visited 2 branches of the dungeon, and saw 11 of its levels.

You collected 542 gold pieces.

Inventory:

Hand weapons
 a - a +3 flail of crushing (weapon)
 b - a +0 war axe
 u - a +0 great mace
 P - a cursed -2 hunting sling
 U - a +2 flail of protection
 W - a cursed -2 hand axe
Missiles
 g - 18 sling bullets of flame
 m - 377 stones (quivered)
Armour
 n - a +0 plate armour (worn)
 t - a +1 ring mail of fire resistance
 E - a +0 helmet (worn)
 R - the +0 pair of boots of Foagijem (worn) {MR+ rCorr Dex+2}
   (You found it on level 7 of the Dungeon)

   It affects your dexterity (+2).
   It affects your resistance to hostile enchantments.
   It protects you from acid and corrosion.
 V - the +4 ring mail of Patience {Dex+4, unknown}
   (You found it on level 8 of the Dungeon)

   It affects your dexterity (+4).
Magical devices
 j - a wand of random effects (20)
 x - a wand of confusion (12)
 y - a wand of fireball (10)
 D - a wand of enslavement (10)
 G - a wand of magic darts (27)
 Q - a wand of disintegration (5)
 X - a wand of frost (35)
Scrolls
 d - 3 scrolls of enchant weapon {unknown}
 e - 5 scrolls of remove curse
 h - 2 scrolls of magic mapping
 i - a scroll of holy word {unknown}
 l - 2 scrolls of blinking {unknown}
 q - 2 scrolls of recharging {unknown}
 r - a scroll of fear
 w - 3 scrolls of noise {unknown}
 B - 2 scrolls of enchant armour {unknown}
 I - 5 scrolls of teleportation {unknown}
 L - a scroll of amnesia {unknown}
 N - 2 scrolls of fog {unknown}
 T - 3 scrolls of immolation {unknown}
Potions
 k - 3 potions of curing
 o - 4 potions of lignification
 p - a potion of haste
 s - a potion of resistance {unknown}
 v - a potion of might {unknown}
 A - a potion of beneficial mutation {unknown}
 F - a potion of heal wounds {unknown}
 K - a potion of poison {unknown}
 M - 3 potions of ambrosia
 O - 2 potions of magic
 S - a potion of agility {unknown}
 Z - a potion of flight {unknown}
Comestibles
 c - 7 bread rations
 f - 27 fruits
 z - a slice of pizza
 C - 3 meat rations
 H - 3 beef jerkies
 J - 3 chunks of flesh
 Y - a royal jelly


   Skills:
 - Level 5.0 Fighting
 - Level 6.7(7.0) Axes
 - Level 2.6(5.1) Maces & Flails
 - Level 10.6 Armour
 - Level 2.3 Dodging
 + Level 6.8 Evocations


You had 9 spell levels left.
You didn't know any spells.

Dungeon Overview and Level Annotations

Branches:
Dungeon (10/15)            Temple (1/1) D:6            Lair (0/8) D:8
    Orc: D:9-12

Altars:
Ashenzari
Cheibriados
Dithmenos
Elyvilon
Fedhas
Gozag
Kikubaaqudgha
Makhleb
Nemelex Xobeh
Okawaru
Qazlal
Ru
Sif Muna
Trog
Vehumet
Xom
Yredelemnul
Zin
The Shining One


Innate Abilities, Weirdness & Mutations

You are partially covered in slimy green scales (AC +2).
You are significantly more attuned to the shadows.
You are completely covered in sharp spines.


Message History

The gargoyle hits you but does no damage.
You sock the gargoyle!
The gargoyle is almost destroyed.
The gargoyle hurls a stone arrow at you.
The stone arrow hits you!
* * * LOW HITPOINT WARNING * * *
Use which ability? (? or * to list)
Your skin crawls.
You feel resistant to hostile enchantments.
You feel slightly more hungry.
You hit the gargoyle but do no damage.
The gargoyle is almost destroyed.
The gargoyle hurls a stone arrow at you.
The stone arrow hits you!
* * * LOW HITPOINT WARNING * * *
You hit the gargoyle but do no damage.
The gargoyle is almost destroyed.
The gargoyle hurls a stone arrow at you.
The stone arrow hits you!
You die...

#.....# #.....#
#.....# #.....#
#.....# #..)9.#
########@#####
#.........^....
+..............
#..............
#..............
#..............
+..............
#...........
#..#........


You could see a gargoyle.

Vanquished Creatures
  An unseen horror (D:9)
  A hill giant (D:7)
  An elephant (D:8)
  A troll (D:9)
  2 two-headed ogres
  Sigmund (D:2)
  A yak (D:8)
  3 hippogriffs
  A water moccasin (D:9)
  2 sky beasts
  An ice beast (D:7)
  A black bear (D:8)
  A phantom (D:8)
  2 orc warriors
  4 ogres
  2 crocodiles
  2 centaurs
  4 giant frogs
  A big kobold (D:8)
  2 scorpions
  4 wights (D:7)
  A crimson imp (D:5)
  A centaur zombie (D:8)
  7 orc wizards
  A giant frog skeleton (D:5)
  4 jellies
  10 orc priests
  3 hounds (D:9)
  7 worker ants
  3 iguanas (D:6)
  Terence (D:2)
  A killer bee zombie (D:6)
  A sheep (D:8)
  A hound skeleton (D:5)
  13 adders
  A shadow imp (D:9)
  2 oozes
  3 adder zombies (D:6)
  4 giant geckos
  33 orcs
  2 ball pythons
  7 giant cockroaches
  11 goblins
  5 hobgoblins
  4 jackals (D:6)
  2 quokkas
  A ball python zombie (D:6)
  7 bats
  2 giant newts
  3 kobolds
  8 rats
187 creatures vanquished.

Vanquished Creatures (others)
  An orc warrior (D:7)
  An iguana (D:7)
  A hound skeleton (D:7)
3 creatures vanquished.

Grand Total: 190 creatures vanquished

Notes
Turn   | Place    | Note
--------------------------------------------------------------
     0 | D:1      | KambridgeKobold the Demonspawn Berserker began the quest for the Orb.
     0 | D:1      | Reached XP level 1. HP: 18/18 MP: 1/1
   233 | D:1      | Gained mutation: You are partially covered in sharp spines. [demonic ancestry]
   233 | D:1      | Reached XP level 2. HP: 20/24 MP: 2/2
   758 | D:2      | Gained mutation: You are mostly covered in sharp spines. [demonic ancestry]
   758 | D:2      | Reached XP level 3. HP: 29/29 MP: 3/3
   777 | D:2      | Acquired Trog's second power
  1023 | D:2      | Noticed Sigmund
  1035 | D:2      | Killed Sigmund
  1035 | D:2      | Reached skill level 4 in Fighting
  1035 | D:2      | Reached XP level 4. HP: 30/38 MP: 4/4
  1035 | D:2      | Gained mutation: You are slightly more attuned to the shadows. [demonic ancestry]
  1035 | D:2      | Reached XP level 5. HP: 33/43 MP: 5/5
  1063 | D:2      | Noticed Terence
  1069 | D:2      | Killed Terence
  1362 | D:2      | Gained mutation: You are partially covered in slimy green scales (AC +2). [demonic ancestry]
  1362 | D:2      | Reached XP level 6. HP: 50/50 MP: 6/6
  1678 | D:3      | Reached skill level 5 in Fighting
  2103 | D:4      | Reached skill level 1 in Axes
  2103 | D:4      | Reached skill level 5 in Armour
  2367 | D:4      | Reached XP level 7. HP: 39/56 MP: 7/7
  2890 | D:4      | Reached skill level 6 in Armour
  3047 | D:5      | Entered Level 5 of the Dungeon
  3635 | D:5      | Reached XP level 8. HP: 62/62 MP: 8/8
  3783 | D:6      | Found a shadowy altar of Dithmenos.
  3803 | D:6      | Found a staircase to the Ecumenical Temple.
  3843 | D:6      | Reached skill level 7 in Armour
  4539 | Temple   | Entered the Ecumenical Temple
  4799 | D:7      | Got a smoking hand axe
  4840 | D:7      | Identified the +1 hand axe of Locapt {distort, rF+} (You found it on level 7 of the Dungeon)
  4881 | D:7      | Reached skill level 8 in Armour
  4895 | D:7      | Got a pair of fine boots
  4906 | D:7      | Identified the +0 pair of boots of Foagijem {MR+ rCorr Dex+2} (You found it on level 7 of the Dungeon)
  5248 | D:7      | Noticed a hill giant
  5516 | D:7      | Reached skill level 5 in Axes
  5516 | D:7      | Gained mutation: You are completely covered in sharp spines. [demonic ancestry]
  5516 | D:7      | Reached XP level 9. HP: 65/68 MP: 9/9
  5578 | D:7      | Reached skill level 9 in Armour
  5666 | D:7      | Killed a hill giant
  6148 | D:8      | Noticed an elephant
  6153 | D:8      | Reached skill level 10 in Armour
  6157 | D:8      | Killed an elephant
  6162 | D:8      | Found a staircase to the Lair.
  6274 | D:8      | Got an ichor-stained ring mail
  6279 | D:8      | Acquired Trog's third power
  6625 | D:8      | Gained mutation: You are significantly more attuned to the shadows. [demonic ancestry]
  6625 | D:8      | Reached XP level 10. HP: 71/74 MP: 10/10
  6718 | D:8      | Reached skill level 1 in Evocations
  7273 | D:9      | Found a burning altar of Makhleb.
  7533 | D:9      | You fall through a shaft!
  7533 | D:10     | Entered Level 10 of the Dungeon
  7700 | D:9      | Killed an unseen horror
  7700 | D:9      | Reached skill level 5 in Evocations
  8370 | D:10     | Killed from afar by a gargoyle

Vault maps used:
D:1:      dpeg_arrival_boxes_within_box
D:2:      kennysheep_generic_room_15, uniq_terence, uniq_sigmund
D:5:      first_bread
D:6:      kennysheep_mini_moat, minmay_temple_entry_grid
D:8:      david_lair_generic, blue_anna_alchemist
D:9:      basic_altar, serial_glass, glass_columns_a, glass_columns_b,
          unseen_surprise_small, due_unseen_surprise, item_on_display_a
D:10:     minivault_8
Temple:   kilobyte_greek_temple_18

Action                   |  1- 3 |  4- 6 |  7- 9 | 10-12 || total
-------------------------+-------+-------+-------+-------++-------
Melee: Mace              |    56 |    45 |     4 |       ||   105
       Hand axe          |       |    14 |    38 |       ||    52
       War axe           |       |       |    56 |       ||    56
       Flail             |       |       |   103 |    87 ||   190
Throw: Stone             |     4 |       |     7 |       ||    11
Invok: Trog's Hand       |     1 |       |     6 |     1 ||     8
       Berserk           |       |     1 |     1 |       ||     2
Evoke: Wand              |       |       |       |     4 ||     4
  Use: Scroll            |       |       |     9 |     1 ||    10
       Potion            |       |       |       |     1 ||     1
 Stab: Confused          |       |       |       |     1 ||     1
  Eat: Chunk             |       |     6 |    15 |     5 ||    26
